 Dungeon Crawl Stone Soup version 0.31.0-10-gcf4a605ca0 (webtiles) character file.

Game seed: 4493371001973371973

1555 GloriousHammer the Spear-Bearer (level 9, -1/69 HPs)
             Began as a Formicid Cinder Acolyte on Jan 24, 2024.
             Was an Elder of Ignis.
             Slain by an ogre
             ... wielding a +0 giant spiked club
              (16 damage)
             ... on level 6 of the Dungeon on Jan 25, 2024.
             The game lasted 00:13:01 (5439 turns).

GloriousHammer the Spear-Bearer (FoCA)              Turns: 5439, Time: 00:13:02

Health: -1/69      AC:  9    Str: 24    XL:     9   Next: 12%
Magic:  10/10      EV:  7    Int: 13    God:    Ignis [****..]
Gold:   161        SH:  9    Dex:  9    Spells: 10/10 levels left

rFire   + . .        D - +0 trident
rCold   + . .        k - +0 kite shield
rNeg    . . .        s - +0 chain mail
rPois   .            (helmet unavailable)
rElec   .            (no cloak)
rCorr   .            (no gloves)
SInv    +            (no boots)
Will    .....        e - amulet of magic regeneration Stlth
                     C - ring of protection from cold
HPRegen 0.31/turn    (no ring)
MPRegen 0.52/turn

%: no passive effects
@: no status effects
A: permanent stasis, dig shafts and tunnels, antennae 3, four strong arms
a: Dig, Shaft Self, Renounce Religion, Fiery Armour, Foxfire Swarm


You were on level 6 of the Dungeon.
You worshipped Ignis.
Ignis was greatly pleased with you.
You visited 1 branch of the dungeon, and saw 6 of its levels.

You collected 332 gold pieces.
You spent 171 gold pieces at shops.

Inventory:

Hand Weapons
 a - a +0 halberd
 b - a +0 sling
 D - a +0 trident (weapon)
Missiles
 l - 5 curare-tipped darts
 r - 5 poisoned darts
 y - 3 silver javelins
 A - 2 boomerangs
Armour
 k - a +0 kite shield (worn)
 s - a +0 chain mail (worn)
Jewellery
 e - an amulet of magic regeneration (around neck)
 i - a +6 ring of intelligence
 z - a ring of wizardry
 C - a ring of protection from cold (left hand)
 Z - a ring of wizardry
Scrolls
 c - a scroll of immolation
 d - a scroll of poison {unknown}
 f - 3 scrolls of vulnerability
 j - a scroll of brand weapon {unknown}
 n - a scroll of amnesia {unknown}
 o - 2 scrolls of revelation
 t - 2 scrolls of enchant weapon {unknown}
 w - 3 scrolls of torment {unknown}
 x - a scroll of butterflies {unknown}
Potions
 g - a potion of degeneration {unknown}
 h - 3 potions of curing
 m - a potion of heal wounds {unknown}
 p - a potion of haste {unknown}
 q - 2 potions of enlightenment {unknown}
 u - a potion of might {unknown}
 v - 4 potions of lignification {unknown}
 B - 2 potions of brilliance {unknown}
 E - a potion of cancellation {unknown}


   Skills:
 - Level 6.0 Fighting
 * Level 8.0 Polearms
 - Level 4.0 Armour
 + Level 6.3 Shields
 - Level 1.1 Spellcasting
 - Level 3.0 Fire Magic


You had 10 spell levels left.
You didn't know any spells.
Your spell library contained the following spells:

 Spells                   Type           Power      Damage    Failure   Level
 Scorch                   Fire           16%        2d5       80%         2


Dungeon Overview and Level Annotations

Branches:
Dungeon (6/15)
 Temple: D:4-7

Altars:
Fedhas

Shops:
D:1 =   D:2 *   D:4 *   D:5 :


Innate Abilities, Weirdness & Mutations

You cannot be hasted, slowed, berserked, paralysed or teleported.
You can dig through walls and to a lower floor.
You have a pair of large antennae on your head. (SInv)
Your four strong arms can wield two-handed weapons with a shield.


Message History

The iguana is almost dead.
The iguana bites you.
You barely miss the iguana.
The iguana is almost dead.
The iguana hisses menacingly.
The iguana bites you but does no damage.
You block the iguana's attack.
You hit the iguana but do no damage.
The iguana is almost dead.
The iguana bites you.
You hit the iguana.
You kill the iguana!
A phantom comes into view.
You have reached level 9!
Your experience leads to an increase in your attributes!
Increase (S)trength, (I)ntelligence, or (D)exterity?
You feel stronger. x2
You close the door, pushing everything out of the way.
You start resting.
HP restored.
You open the door.
There is an open door, spattered with blood here.
A phantom is nearby!
You hit the phantom.
The phantom is moderately damaged.
The phantom hits you but does no damage.
You closely miss the phantom.
The phantom is moderately damaged.
The phantom hits you.
The phantom hits you but does no damage.
You hit the phantom but do no damage.
The phantom is moderately damaged.
The phantom hits you but does no damage.
You slash the phantom!
The phantom is severely damaged.
The phantom hits you but does no damage.
You puncture the phantom!
You destroy the phantom!
Your Shields skill increases to level 6!
Found 16 gold pieces.
You see here a +0 trident.
D - a +0 trident (weapon)
You now have 149 gold pieces (gained 16).
An ice beast comes into view.
An ice beast is nearby!
You reach to attack!
You hit the ice beast but do no damage. You puncture the ice beast!
The ice beast is heavily wounded.
You block the ice beast's attack.
You barely miss the ice beast.
The ice beast is heavily wounded.
The ice beast hits you but does no damage.
You puncture the ice beast!
The ice beast is severely wounded.
You block the ice beast's attack.
You hit the ice beast.
The ice beast is almost dead.
The ice beast hits you but does no damage.
You closely miss the ice beast.
The ice beast is almost dead.
The ice beast barely misses you.
You hit the ice beast.
You kill the ice beast!
Your Polearms skill increases to level 8!
You open the door.
There is an open door here.
You now have 161 gold pieces (gained 12).
Found a stone staircase leading down.
E - an orange potion You sense a monster nearby.
An ogre comes into view. It is wielding a +0 giant spiked club.
The ogre shouts!
There is a stone staircase leading down here.
You barely miss the ogre. You block the ogre's attack.
You hit the ogre.
The ogre is lightly wounded.
You hit the ogre.
The ogre is lightly wounded.
The ogre hits you with a +0 giant spiked club!!
You puncture the ogre!
The ogre is heavily wounded.
The ogre closely misses you.
You closely miss the ogre.
The ogre is heavily wounded.
You hit the ogre.
The ogre is heavily wounded.
The ogre barely misses you.
You hit the ogre but do no damage.
The ogre is heavily wounded.
The ogre hits you with a +0 giant spiked club!
You barely miss the ogre.
The ogre is heavily wounded.
You closely miss the ogre.
The ogre is heavily wounded.
The ogre hits you with a +0 giant spiked club!!
* * * LOW HITPOINT WARNING * * *
You puncture the ogre!
The ogre is almost dead.
The ogre hits you with a +0 giant spiked club!
You die...

#########
........#
........#
........#
........#
........#
......O@#
########.#
+.......>#
#........#
#........#
#........#
#........#
#.......##
###
#.......#
....


You could see an ogre.

Vanquished Creatures
  Grinder (D:3)
  A wyvern (D:4)
  Eustachio (D:4)
  2 ice beasts
  A black bear (D:6)
  An ogre (D:4)
  A phantom (D:6)
  2 bombardier beetles (D:5)
  2 orc priests
  A jelly (D:4)
  A gnoll bouda (D:4)
  Jessica (D:3)
  2 sleepcaps
  5 iguanas
  2 orc wizards
  3 gnolls (D:4)
  4 adders
  A shadow imp (D:5)
  A white imp (D:6)
  4 dart slugs
  3 ribbon worms
  16 orcs
  3 bats
  8 endoplasms
  2 giant cockroaches
  5 goblins
  9 hobgoblins
  5 jackals
  3 quokkas
  5 ball pythons
  3 frilled lizards
  9 kobolds
  2 rats
110 creatures vanquished.

Vanquished Creatures (others)
  An orc wizard (D:3)
  18 foxfires (D:3)
19 creatures vanquished.

Grand Total: 129 creatures vanquished

Notes
Turn   | Place    | Note
-------+----------+-------------------------------------------
     0 | D:1      | GloriousHammer the Formicid Cinder Acolyte began the quest
                  | for the Orb.
     0 | D:1      | Reached XP level 1. HP: 18/18 MP: 2/2
   154 | D:1      | Found Kegang's One-of-a-Kind Rings.
   158 | D:1      | Reached XP level 2. HP: 24/24 MP: 3/3
   266 | D:1      | Reached skill level 1 in Armour
   344 | D:1      | Reached XP level 3. HP: 22/29 MP: 4/4
   906 | D:2      | Upgraded the game from 0.31.0-9-g3a7656b989 to
                  | 0.31.0-10-gcf4a605ca0
  1406 | D:2      | Found Efulog's General Store.
  1414 | D:2      | Bought a scroll of revelation for 75 gold pieces
  1656 | D:3      | Reached XP level 4. HP: 22/37 MP: 5/5
  1695 | D:2      | HP: 1/37 [orc priest/+0 club (2)]
  1878 | D:2      | Reached skill level 1 in Shields
  1881 | D:2      | Reached skill level 4 in Polearms
  2008 | D:3      | Reached XP level 5. HP: 42/42 MP: 6/6
  2303 | D:3      | Noticed Grinder
  2315 | D:3      | Killed Grinder
  2316 | D:3      | Reached skill level 5 in Polearms
  2316 | D:3      | Reached XP level 6. HP: 49/49 MP: 7/7
  2775 | D:3      | Noticed Jessica
  2781 | D:3      | Killed Jessica
  2782 | D:3      | Reached XP level 7. HP: 55/55 MP: 8/8
  3415 | D:4      | Found Winupn Zass's Assorted Antiques.
  3424 | D:4      | Bought a scroll labelled URGHUST HIGOEFF for 24 gold pieces
  3424 | D:4      | Bought a scroll labelled URGHUST HIGOEFF for 24 gold pieces
  3427 | D:4      | Bought a scroll labelled KYWYUT IXZIFEB for 24 gold pieces
  3427 | D:4      | Bought a scroll labelled OHANKAATAC for 24 gold pieces
  3482 | D:5      | Entered Level 5 of the Dungeon
  3504 | D:5      | Noticed Eustachio
  3585 | D:4      | Killed Eustachio
  3586 | D:4      | Reached skill level 5 in Fighting
  3611 | D:5      | Reached skill level 6 in Polearms
  3697 | D:5      | Reached XP level 8. HP: 62/62 MP: 9/9
  3935 | D:5      | Found Puefyzah's Book Shoppe.
  4308 | D:4      | Reached skill level 5 in Shields
  4439 | D:4      | Noticed a wyvern
  4452 | D:4      | Killed a wyvern
  4453 | D:4      | Reached skill level 7 in Polearms
  4541 | D:4      | Found a blossoming altar of Fedhas.
  5288 | D:6      | Reached XP level 9. HP: 50/69 MP: 10/10
  5395 | D:6      | Reached skill level 8 in Polearms
  5439 | D:6      | Slain by an ogre

Illustrated notes

Levels and vault maps discovered:
D:1:      evilmike_arrival_crescent, layout_loops_ring,
          nicolae_shop_unique_rings, nicolae_concentric_dashed_squares_wild,
          grunt_decor_one_mirror
D:2:      layout_basic, serial_shops, nicolae_shop_peninsula
D:3:      cheibrodos_old_hovel, layout_loops_corners,
          minmay_misc_feat_diagonals, uniq_grinder, uniq_jessica
D:4:      layout_loops_corners, fedhas_altar_1, serial_shops,
          nicolae_lakefront_shop
D:5:      layout_loops_ring, nicolae_overflow_hidden_temple, serial_shops,
          nicolae_shop_advertising_works [nicolae_subvault_shop_adworks],
          uniq_eustachio
D:6:      layout_gridville

Skill      XL: |  1  2  3  4  5  6  7  8  9 |
---------------+----------------------------+-----
Armour         | 1 2 3 4 |  4.0
Shields        | 1 2 3 4 5 6 |  6.3
Fighting       | 4 5 6 |  6.0
Polearms       | 4 5 6 7 8 |  8.0
Spellcasting   | |  1.1
Fire Magic     | |  3.0

Action                     |  1- 3 |  4- 6 |  7- 9 || total
---------------------------+-------+-------+-------++-------
  Melee: Spear             |   132 |   102 |    43 ||   277
         Halberd           |       |       |   191 ||   191
         Trident           |       |       |    17 ||    17
   Fire: Sling             |       |     3 |       ||     3
 Invoke: Rising Flame      |       |     1 |       ||     1
         Foxfire Swarm     |       |     1 |       ||     1
         Fiery Armour      |       |       |     2 ||     2
    Use: Scroll            |     2 |       |     2 ||     4
 Armour: Ring mail         |    39 |       |       ||    39
         Chain mail        |     4 |    62 |   155 ||   221
  Dodge: Dodged            |    44 |    12 |    57 ||   113
  Block: Kite shield       |     9 |    31 |   103 ||   143
